AoeStats
← Roids

Black Forest

510344199Analyzed
4v4 RM · 23h ago on Sep 30, 2026· 63m 38s· 8 players
Game mode
Random Map
Map size
Large (8 player)
Population
200
Speed
Normal
Resources
Standard
Victory
Conquest
Starting age
Dark Age
Ending age
Imperial Age
RankedLock teamsTeams togetherTeam positionsShared explorationLock speedFull tech treeHidden civsTurbo modeCheats
Victory
Defeat
🇨🇭 Slavs · Switzerland
1524
+7
🇨🇭 Vietnamese · Switzerland
1467
+9
🇮🇳 Britons · India
1338
+14
🇵🇰 Persians · Pakistan
1053
+24
🇬🇧 Danes · United Kingdom
1304
-14
🇳🇴 Khmer · Norway
1299
-14
🇺🇦 Varangians · Ukraine
1272
-13
🇺🇦 Bohemians · Ukraine
1267
-13
Морозець
0:28 Loom
9:25 Feudal Age
10:07 Double-Bit Axe
12:11 Horse Collar
18:15 Castle Age
17:11 Stone Mining
20:37 Heavy Plow
20:52 Bow Saw
28:49 Gold Mining
29:24 Husbandry
29:34 Bloodlines
33:35 Imperial Age
32:37 Forging
32:33 Scale Barding Armor
34:09 Iron Casting
33:37 Scale Mail Armor
34:50 Conscription
33:56 Elite Varangian Guard
34:21 Arson
34:37 Squires
36:30 Chain Mail Armor
57:15 Pikeman
Roids
8:14 Loom
12:22 Feudal Age
18:39 Wheelbarrow
21:43 Castle Age
19:30 Fishing Lines
21:55 Double-Bit Axe
21:54 Horse Collar
22:30 Scale Mail Armor
22:40 Forging
23:37 Bow Saw
23:25 Gold Mining
23:25 Stone Mining
23:45 Gillnets
24:50 Chain Mail Armor
25:10 Iron Casting
26:03 Squires
25:49 Gambesons
25:50 Arson
29:55 Imperial Age
27:40 Hand Cart
27:58 Fletching
30:21 Elite Varangian Guard
31:40 Plate Mail Armor
30:50 Capped Ram
31:43 Heavy Plow
33:39 Blast Furnace
33:53 Conscription
33:00 Hamask
34:36 Siege Ram
35:14 Town Watch
36:28 Northmen's Fury
37:19 Siege Engineers
37:55 Pikeman
42:09 Halberdier
47:30 Bodkin Arrow
53:27 Elite Jomsviking
55:59 Bracer
Noob
3:09 Loom
12:30 Feudal Age
15:31 Castle Age
14:01 Double-Bit Axe
13:58 Horse Collar
22:57 Bow Saw
25:26 Wheelbarrow
25:54 Heavy Plow
25:49 Gold Mining
27:17 Hand Cart
30:33 Imperial Age
27:49 Town Watch
31:44 Ballistics
31:26 Double Crossbow
31:47 Conscription
31:36 Scale Barding Armor
31:57 Forging
31:16 Heavy Scorpion
33:39 Chemistry
33:31 Chain Barding Armor
33:47 Iron Casting
34:49 Gold Shaft Mining
34:51 Plate Barding Armor
36:17 Siege Engineers
37:14 Blast Furnace
36:13 Capped Ram
37:31 Scale Mail Armor
37:32 Pikeman
37:58 Arson
38:30 Chain Mail Armor
38:06 Halberdier
40:34 Caravan
40:51 Siege Ram
43:36 Tusk Swords
45:24 Bloodlines
45:14 Husbandry
44:35 Elite Battle Elephant
48:06 Fortified Wall
48:10 Masonry
50:57 Light Cavalry
57:20 Hussar
Don'tPushTheHorses
0:29 Loom
12:07 Feudal Age
13:02 Double-Bit Axe
12:58 Horse Collar
17:56 Castle Age
26:50 Bow Saw
29:27 Chemistry
28:48 Ballistics
29:12 Heavy Plow
29:28 Fervor
29:58 Wheelbarrow
35:09 Imperial Age
35:00 Fletching
35:49 Bodkin Arrow
Smiley
11:05 Feudal Age
15:19 Castle Age
13:59 Double-Bit Axe
16:26 Loom
17:27 Wheelbarrow
19:53 Town Watch
22:14 Horse Collar
24:34 Gold Mining
26:30 Stone Mining
29:20 Imperial Age
27:27 Bloodlines
27:17 Husbandry
27:28 Scale Barding Armor
27:37 Stone Mining
27:53 Husbandry
28:35 Fishing Lines
29:36 Hand Cart
29:43 Elite Boyar
30:54 Conscription
30:55 Chain Barding Armor
30:45 Forging
30:03 Capped Ram
31:35 Siege Ram
32:41 Bow Saw
32:47 Caravan
34:01 Chemistry
33:11 Onager
34:35 Plate Barding Armor
34:52 Iron Casting
40:25 Siege Onager
43:00 Detinets
43:09 Siege Engineers
43:26 Ballistics
43:40 Heavy Plow
43:43 Town Patrol
43:36 Gillnets
45:25 Druzhina
46:57 Coinage
51:25 Blast Furnace
50:25 Scale Mail Armor
50:27 Squires
49:48 Pikeman
50:48 Halberdier
51:40 Fletching
51:34 Man-at-Arms
52:51 Long Swordsman
53:48 Chain Mail Armor
53:29 Two-Handed Swordsman
56:46 Guard Tower
57:01 Murder Holes
61:32 Champion
[PSCH] Reh
0:52 Loom
10:53 Feudal Age
15:27 Castle Age
14:06 Double-Bit Axe
14:15 Horse Collar
19:52 Gold Mining
21:52 Scale Mail Armor
25:22 Chain Mail Armor
25:18 Forging
30:37 Imperial Age
28:47 Squires
29:23 Iron Casting
29:38 Stone Mining
30:32 Fletching
31:18 Bodkin Arrow
31:30 Padded Archer Armor
32:34 Bow Saw
32:41 Heavy Plow
33:57 Crop Rotation
33:37 Elite Skirmisher
34:34 Leather Archer Armor
34:58 Ballistics
36:05 Two-Man Saw
36:25 Ring Archer Armor
37:56 Wheelbarrow
37:56 Thumb Ring
38:09 Bracer
38:39 Caravan
38:13 Crossbowman
38:51 Town Watch
38:52 Arbalester
39:46 Imperial Skirmisher
41:47 Chemistry
46:56 Paper Money
47:12 Hoardings
48:10 Siege Engineers
48:15 Masonry
49:05 Plate Mail Armor
51:27 Arson
51:09 Elite Fire Lancer
Pinkman2164
0:30 Loom
12:20 Feudal Age
16:10 Castle Age
23:53 Horse Collar
23:59 Double-Bit Axe
26:20 Stone Mining
27:10 Fletching
32:51 Imperial Age
30:26 Padded Archer Armor
32:24 Bow Saw
31:45 Pikeman
32:23 Bodkin Arrow
32:43 Leather Archer Armor
32:45 Scale Mail Armor
33:01 Leather Archer Armor
34:04 Ballistics
34:27 Bracer
35:33 Conscription
34:52 Elite Longbowman
37:31 Chemistry
37:24 Fortified Wall
43:05 Yeomen
I love villagers
10:50 Feudal Age
15:43 Castle Age
14:07 Double-Bit Axe
16:07 Forging
16:23 Bloodlines
20:19 Bow Saw
27:22 Fishing Lines
28:22 Wheelbarrow
31:44 Imperial Age
29:34 Gold Mining
29:26 Horse Collar
30:07 Gillnets
30:20 Heavy Plow
31:00 Gold Shaft Mining
30:12 Loom
30:43 Hand Cart
30:48 Husbandry
31:57 Iron Casting
31:28 Scale Barding Armor
31:11 Town Watch
31:34 Cavalier
33:24 Two-Man Saw
32:56 Crop Rotation
33:17 Town Patrol
34:20 Blast Furnace
34:10 Chain Barding Armor
35:05 Two-Man Saw
34:00 Savar
35:03 Stone Mining
37:51 Chemistry
38:11 Plate Barding Armor
38:46 Light Cavalry
39:41 Fletching
39:54 Padded Archer Armor
40:20 Ballistics
40:59 Hussar
42:22 Conscription
43:01 Bodkin Arrow
Connection lost

Rejoining the realm…

Still unreachable

The connection could not be restored.

Session expired

The server has moved on; the page needs a fresh start.